 Dungeon Crawl Stone Soup version 0.26-a0-642-g67e9924 (webtiles) character file.

Game seed: 1368768725630813521

26 Kurtz the Cudgeler (level 2, 0/24 HPs)
             Began as a Mummy Chaos Knight on Sept 22, 2020.
             Was a Plaything of Xom.
             Slain by a quokka (1 damage)
             ... on level 2 of the Dungeon.
             The game lasted 00:00:44 (1533 turns).

Kurtz the Cudgeler (Mummy Chaos Knight)             Turns: 1533, Time: 00:00:45

Health: 0/24       AC:  5    Str: 15    XL:     2   Next: 89%
Magic:  2/2        EV: 11    Int: 11    God:    Xom [..*...]
Gold:   93         SH:  0    Dex: 11    Spells: 1/1 levels left

rFire    x . .     SeeInvis .   a - +0 mace (chaos)
rCold    + . .     Faith    .   (no shield)
rNeg     + + +     Spirit   .   b - +2 leather armour
rPois    ∞         Reflect  .   (no helmet)
rElec    .         Harm     .   (no cloak)
rCorr    .         Rampage  .   (no gloves)
MR       .....                  (no boots)
Stlth    +.........             (no amulet)
HPRegen  0.08/turn              (no ring)
MPRegen  0.08/turn              (no ring)

@: no status effects
A: no potions, fire vulnerability, cold resistance 1, negative energy resistance
3, torment resistance, unbreathing
a: Renounce Religion


You were on level 2 of the Dungeon.
You worshipped Xom.
You were a toy of Xom.
You visited 1 branch of the dungeon, and saw 2 of its levels.

You collected 93 gold pieces.

Inventory:

Hand Weapons
 a - a +0 mace of chaos (weapon)
Armour
 b - a +2 leather armour (worn)
Scrolls
 c - a scroll of enchant weapon {unknown}
 d - 2 scrolls of identify {unknown}
 e - a scroll of teleportation {unknown}
 f - 2 scrolls of magic mapping {unknown}
 g - a scroll of remove curse {unknown}


   Skills:
 - Level 3.0 Fighting
 * Level 3.4 Maces & Flails
 - Level 1.5 Armour
 - Level 0.7 Dodging


You had one spell level left.
You didn't know any spells.
Your spell library was empty.

Dungeon Overview and Level Annotations

Branches:
Dungeon (2/15)

Altars:


Innate Abilities, Weirdness & Mutations

You do not drink.
Your flesh is vulnerable to fire.
You are immune to poison.
Your flesh is cold resistant. (rC+)
You are immune to negative energy. (rN+++)
You are immune to unholy pain and torment.
You can survive without breathing.


Message History

The worm is moderately wounded.
The quokka closely misses you. The worm bites you. The quokka bites you.
You barely miss the worm.
The worm is moderately wounded.
The goblin closely misses you.
The quokka bites you but does no damage.
The worm bites you!
* * * LOW HITPOINT WARNING * * *
The goblin misses you. The quokka barely misses you.
The goblin hits you with a +0 club.
* * * LOW HITPOINT WARNING * * *
You sock the goblin!
You kill the goblin!
You closely miss the quokka.
The quokka twitches its whiskers.
The quokka bites you.
* * * LOW HITPOINT WARNING * * *
The quokka bites you.
You die...

### #<# #.# ####.###
.......# ####)#.#
#.#.#
#.#.#############
..#..........@r.#
###############.#####
#....w..)# #........#
#......".#
..............
.......#######.#
####..... #.....


You could see a worm and a quokka.

Vanquished Creatures
  A dart slug (D:1)
  A giant cockroach (D:1)
  3 goblins
  2 hobgoblins
  A jackal (D:1)
  3 kobolds (D:1)
  5 bats (D:1)
  3 frilled lizards (D:1)
  6 rats (D:1)
25 creatures vanquished.

Notes
Turn   | Place    | Note
-------+----------+-------------------------------------------
     0 | D:1      | Kurtz the Mummy Chaos Knight began the quest for the Orb.
     0 | D:1      | Reached XP level 1. HP: 18/18 MP: 1/1
   151 | D:1      | XOM: silly message
   218 | D:1      | Reached XP level 2. HP: 24/24 MP: 2/2
  1185 | D:1      | XOM is BORED!
  1185 | D:1      | XOM: summons 3 hostile shadow creatures
  1533 | D:2      | HP: 1/24 [quokka (1)]
  1533 | D:2      | Slain by a quokka

Illustrated notes

Levels and vault maps discovered:
D:1:      sevenhm_arrival_forest_fort_large_4, layout_basic, minmay_bisected
D:2:      layout_basic

Skill      XL: |  1 |
---------------+----+-----
Maces & Flails | 3 |  3.4
Fighting       | |  3.0
Armour         | |  1.5
Dodging        | |  0.7

Action                   || total
-------------------------++-------
Melee: Mace              ||    90
Armor: Leather armour    ||    51
Dodge: Dodged            ||    79

Table legend: (Time is in decaauts)
 A = Elapsed time spent in this place.
 B = Non-inter-level travel time spent in this place.
 C = Inter-level travel time spent in this place.
 D = Time resting spent in this place.
 E = Time spent auto-exploring this place.
 F = Levels seen in this place.
 G = Mean time per level.
                   A        B        C        D        E       F      G
               +--------+--------+--------+--------+--------+-----+--------+
         Total |   1558 |   1498 |     60 |    399 |    875 |   2 |  779.0 |
       Dungeon |   1558 |   1498 |     60 |    399 |    875 |   2 |  779.0 |
               +--------+--------+--------+--------+--------+-----+--------+

Top non-repeatable levels by time:
     D:1: 1499 daAuts
     D:2: 58 daAuts
